 Dungeon Crawl Stone Soup version 0.30-a0-1053-gbd8d5ba0ad (webtiles) character file.

Game seed: 4915449279674842639

3672 NinjaNoafa the Nimble (level 10, -8/93 HPs)
             Began as a Merfolk Gladiator on Apr 11, 2023.
             Was a Follower of Uskayaw.
             Mangled by a boulder beetle (21 damage)
             ... on level 7 of the Dungeon.
             The game lasted 00:15:20 (8236 turns).

NinjaNoafa the Nimble (Merfolk Gladiator)           Turns: 8236, Time: 00:15:21

Health: -8/93      AC:  5    Str: 12 (14) XL:     10   Next: 13%
Magic:  0/15       EV: 20    Int:  4 (7)  God:    Uskayaw [*.....]
Gold:   359        SH:  0    Dex: 19 (21) Spells: 9/9 levels left

rFire   + . .      SeeInvis .    a - +0 rapier
rCold   + . .      Faith    .    (no shield)
rNeg    . . .      Spirit   +    d - +2 robe {Will+}
rPois   +          Reflect  .    c - +0 helmet
rElec   +          Rampage  .    (no cloak)
rCorr   +                        (no gloves)
Will    +....                    (no boots)
Stlth   ++                       n - amulet of guardian spirit
HPRegen 0.35/turn                (no ring)
MPRegen 0.14/turn                (no ring)

@: brilliant, resistant, attractive
A: (nimble swimmer 2), mertail, robust 1
a: Renounce Religion, Stomp


You were on level 7 of the Dungeon.
You worshipped Uskayaw.
Uskayaw was noncommittal.
You visited 2 branches of the dungeon, and saw 8 of its levels.

You collected 359 gold pieces.

Inventory:

Hand Weapons
 a - a +0 rapier (weapon)
Missiles
 j - 3 atropa-tipped darts (quivered)
Armour
 c - a +0 helmet (worn)
 d - a +2 robe of willpower (worn)
 q - a +0 kite shield
Jewellery
 n - an amulet of guardian spirit (around neck)
 x - the amulet "Xejuf" {Acrobat Int-4 Dex+5}
   (You found it on level 7 of the Dungeon)

   [amulet of the acrobat]

   It increases your evasion while moving and waiting.
   Int:       It affects your intelligence (-4).
   Dex:       It affects your dexterity (+5).
Wands
 l - a wand of flame (18)
 u - a wand of charming (7)
Scrolls
 b - 3 scrolls of acquirement {unknown}
 g - 3 scrolls of poison
 h - 2 scrolls of silence
 i - a scroll of amnesia {unknown}
 m - 2 scrolls of vulnerability {unknown}
 p - a scroll of teleportation {unknown}
 r - a scroll of blinking {unknown}
 y - a scroll of magic mapping {unknown}
 A - 2 scrolls of enchant armour {unknown}
 B - a scroll of fog {unknown}
Potions
 k - a potion of mutation
 s - a potion of ambrosia {unknown}
 t - a potion of attraction
 v - 3 potions of cancellation


   Skills:
 - Level 10.0 Fighting
 - Level 6.0 Short Blades
 - Level 2.0 Throwing
 + Level 11.4 Dodging
 + Level 6.8 Invocations


You had 9 spell levels left.
You didn't know any spells.
Your spell library contained the following spells:

 Spells                   Type           Power      Damage    Failure   Level
 Necrotise                Necr           0%         1d4       50%         1


Dungeon Overview and Level Annotations

Branches:
Dungeon (7/15)             Temple (1/1) D:6

Altars:
Ashenzari
Cheibriados
Dithmenos
Fedhas
Gozag
Kikubaaqudgha
Nemelex Xobeh
Qazlal
Sif Muna
Trog
Uskayaw
Yredelemnul


Innate Abilities, Weirdness & Mutations

((You are very nimble when in or above water. (Stealth+, EV+, Speed+++)))
Your lower body shifts to a powerful aquatic tail in water.
You are robust. (+10% HP)


Message History

You can no longer pass through a line of other dancers.
Unknown command.
It was a potion of attraction.
You feel attractive to monsters. The boulder beetle bites you.
* * * LOW HITPOINT WARNING * * *
Unknown command.
It was a potion of brilliance.
You feel clever all of a sudden. The boulder beetle barely misses you.
It was a potion of resistance.
You feel protected. The boulder beetle bites you!!
* * * LOW HITPOINT WARNING * * *
You feel better. The boulder beetle bites you!
* * * LOW HITPOINT WARNING * * *
Unknown command.
Unknown command.
You feel better. The boulder beetle barely misses you.
Unknown command.
Unknown command.
Okay, then.
Unknown command.
Unknown command.
Unknown command.
Okay, then.
Unknown command.
The boulder beetle attacks as you move away!
The boulder beetle barely misses you.
The boulder beetle attacks as you move away!
The boulder beetle barely misses you.
The howler monkey is attracted toward you.
The howler monkey is attracted toward you.
You see here a +2 chain mail of poison resistance.
Okay, then.
It was a potion of degeneration.
There was something very wrong with that liquid.
You feel weakened.
You feel dopey.
You feel clumsy. The boulder beetle bites you!!
You die...

..........# ...H ..
.....#..# .#..#.###.
........# #... ...
....###.###.#####.###
....##..#8.8.8#..."}#
.....#..#.8.8.##..).##
.........8.8.8...#:..#
........#.8.8.#.[..##..#
........#8.8.8#.@...# #
.....#..###.#####B###
...>#...#.....##.h.##
........#.##.##.###§#
.........# ##..
#§(...... ..####..## #.#
.####.### .## #<.# ...
## .# #..###.## .#
#........


You could see a boulder beetle (poisoned) and a howler monkey.

Vanquished Creatures
  A troll (D:6)
  A slime creature (D:7)
  Sigmund (D:2)
  A wyvern (D:6)
  Menkaure (D:4)
  2 water moccasins
  2 sky beasts (D:6)
  2 black bears (D:6)
  2 ogres
  3 centaurs
  2 phantoms
  A kobold brigand (D:7)
  4 bullfrogs
  3 scorpions
  3 necrophages (D:5)
  3 wights (D:5)
  A howler monkey (D:6)
  A human zombie (D:5)
  7 hounds
  3 jellies
  A gnoll bouda (D:5)
  Jessica (D:2)
  2 iguanas
  A sleepcap (D:6)
  3 orc wizards
  A killer bee zombie (D:5)
  A hound zombie (D:5)
  2 mummies (D:5)
  A howler monkey zombie (D:5)
  4 gnolls
  8 adders
  A shadow imp (D:7)
  A white imp (D:3)
  An ufetubus (D:6)
  4 dart slugs
  15 orcs
  5 ball pythons
  4 bats
  10 endoplasms
  6 giant cockroaches
  8 goblins
  7 hobgoblins
  11 kobolds
  4 quokkas
  A frilled lizard (D:3)
  2 rats (D:3)
149 creatures vanquished.

Vanquished Creatures (others)
  A hound (D:4)
  A gnoll (D:5)
2 creatures vanquished.

Grand Total: 151 creatures vanquished

Notes
Turn   | Place    | Note
-------+----------+-------------------------------------------
     0 | D:1      | NinjaNoafa the Merfolk Gladiator began the quest for the
                  | Orb.
     0 | D:1      | Reached XP level 1. HP: 16/16 MP: 1/1
   137 | D:1      | Reached XP level 2. HP: 23/23 MP: 2/2
   341 | D:1      | Reached XP level 3. HP: 17/28 MP: 3/3
   385 | D:1      | Found a faded altar of an unknown god.
   630 | D:2      | Noticed Jessica
   631 | D:2      | Killed Jessica
   760 | D:2      | Noticed Sigmund
   787 | D:2      | Gained mutation: Your spells are a little easier to cast,
                  | but a little less powerful. [potion of mutation]
   787 | D:2      | Gained mutation: You are robust. (+10% HP) [potion of
                  | mutation]
   787 | D:2      | Lost mutation: Your spells are a little easier to cast, but
                  | a little less powerful. [potion of mutation]
   791 | D:2      | Killed Sigmund
   792 | D:2      | Reached skill level 5 in Short Blades
   792 | D:2      | Reached skill level 5 in Dodging
   792 | D:2      | Reached XP level 4. HP: 13/40 MP: 4/4
   792 | D:2      | Reached XP level 5. HP: 15/46 MP: 5/5
  1096 | D:2      | Reached XP level 6. HP: 48/52 MP: 6/6
  1239 | D:2      | Reached skill level 6 in Dodging
  1502 | D:3      | Found a bloodstained altar of Trog.
  1520 | D:3      | Found a shimmering blue altar of Sif Muna.
  1540 | D:3      | Got Sif Muna's Papyrus of Rot
  1888 | D:3      | Found a shadowy altar of Dithmenos.
  2885 | D:4      | Noticed Menkaure
  2911 | D:4      | Killed Menkaure
  2912 | D:4      | Reached skill level 5 in Fighting
  2912 | D:4      | Reached skill level 7 in Dodging
  2912 | D:4      | Reached XP level 7. HP: 24/61 MP: 1/7
  3282 | D:5      | Entered Level 5 of the Dungeon
  3600 | D:5      | Reached XP level 8. HP: 23/71 MP: 5/8
  4173 | D:4      | Found a hide-covered altar of Uskayaw.
  4181 | D:4      | Became a worshipper of Uskayaw the Reveller
  4590 | D:5      | Reached * piety under Uskayaw
  4596 | D:5      | Reached ** piety under Uskayaw
  4868 | D:5      | Reached *** piety under Uskayaw
  4885 | D:5      | Reached **** piety under Uskayaw
  4903 | D:5      | Reached ***** piety under Uskayaw
  4924 | D:5      | Found a basalt altar of Yredelemnul.
  5492 | D:6      | Reached skill level 8 in Dodging
  5518 | D:6      | Reached skill level 10 in Fighting
  5518 | D:6      | Reached skill level 1 in Invocations
  5518 | D:6      | Reached XP level 9. HP: 51/85 MP: 1/10
  6176 | D:6      | Found a staircase to the Ecumenical Temple.
  6244 | Temple   | Entered the Ecumenical Temple
  6701 | D:7      | Reached skill level 9 in Dodging
  7132 | D:7      | Reached skill level 10 in Dodging
  7135 | D:7      | Noticed a boulder beetle
  7266 | D:7      | Noticed a troll
  7274 | D:7      | Noticed a troll
  7293 | D:6      | Reached skill level 5 in Invocations
  7298 | D:6      | Killed a troll
  7924 | D:7      | Reached XP level 10. HP: 43/93 MP: 7/14
  7944 | D:7      | Reached skill level 11 in Dodging
  8182 | D:7      | Identified the amulet "Xejuf" {Acrobat Int-4 Dex+5}
  8186 | D:7      | Noticed a manticore
  8230 | D:7      | HP: 1/93 [boulder beetle (14)]
  8236 | D:7      | Mangled by a boulder beetle

Illustrated notes

Levels and vault maps discovered:
D:1:      arrival_zaba_pyramid, layout_basic,
          hellmonk_ecumenical_altar_slurped_away
D:2:      layout_loops_ring, fountainhead, uniq_jessica, uniq_sigmund
D:3:      layout_basic, nzn_overflow_gifts_of_might_and_magic,
          nicolae_dithmenos_shadow_blocks
D:4:      kennysheep_six_static_rooms, layout_loops_cross,
          lemuel_coloured_pillars_altar, kennysheep_decorative_pillar,
          uniq_menkaure
D:5:      layout_basic, lemuel_mausoleum_altar_yredelemnul,
          kennysheep_generic_room_16
D:6:      lemuel_ice_spiral_2, layout_basic, minmay_temple_entry_antechambers
D:7:      minmay_the_grid_square_5x5_3x3
          [minmay_the_grid_square_5x5_half_checkered,
          minmay_the_grid_square_5x5_checkered_statues,
          minmay_the_grid_square_5x5_n, minmay_the_grid_square_5x5_bite,
          minmay_the_grid_square_5x5_megaprize_crossed,
          minmay_the_grid_square_5x5_spiral_small,
          minmay_the_grid_square_5x5_spiral,
          minmay_the_grid_square_5x5_tetrominoes,
          minmay_the_grid_square_5x5_plus], layout_rooms,
          dreamdust_divine_triumvirate, hangedman_decor_peaks_small
Temple:   nicolae_temple_bog_church

Skill      XL: |  1  2  3  4  5  6  7  8  9 10 |
---------------+-------------------------------+-----
Short Blades   | 4 5 6 |  6.0
Fighting       | 4 5 6 10 | 10.0
Dodging        | 5 7 8 10 11 | 11.4
Invocations    | 1 6 |  6.8
Throwing       | |  2.0

Action                     |  1- 3 |  4- 6 |  7- 9 | 10-12 || total
---------------------------+-------+-------+-------+-------++-------
  Melee: Rapier            |    87 |   179 |   548 |    65 ||   879
         Punch             |     4 |       |    10 |     1 ||    15
  Throw: Throwing net      |     3 |       |     3 |       ||     6
         Javelin           |     1 |       |       |       ||     1
         Dart              |       |     1 |    25 |     6 ||    32
 Invoke: Stomp             |       |       |     3 |     2 ||     5
         Line Pass         |       |       |     3 |       ||     3
  Evoke: Wand              |       |     3 |    13 |       ||    16
    Use: Potion            |     3 |     1 |     4 |     6 ||    14
         Scroll            |       |       |     6 |       ||     6
   Stab: Sleeping          |     3 |     1 |     1 |       ||     5
         Held in net/web   |       |       |     1 |       ||     1
         Paralysed         |       |       |     9 |       ||     9
         Confused          |       |       |     1 |       ||     1
 Armour: Leather armour    |    14 |       |       |       ||    14
         Robe              |       |    39 |   133 |    10 ||   182
  Dodge: Dodged            |    54 |   144 |   605 |    80 ||   883

Table legend: (Time is in decaauts)
 A = Elapsed time spent in this place.
 B = Non-inter-level travel time spent in this place.
 C = Inter-level travel time spent in this place.
 D = Time resting spent in this place.
 E = Time spent auto-exploring this place.
 F = Levels seen in this place.
 G = Mean time per level.
                   A        B        C        D        E       F      G
               +--------+--------+--------+--------+--------+-----+--------+
         Total |   8114 |   7501 |    613 |   1745 |   3793 |   8 | 1014.2 |
       Dungeon |   8008 |   7410 |    598 |   1745 |   3705 |   7 | 1144.0 |
        Temple |    106 |     91 |     15 |      0 |     87 |   1 |  106.0 |
               +--------+--------+--------+--------+--------+-----+--------+

Top non-repeatable levels by time:
     D:6: 2155 daAuts
     D:5: 1894 daAuts
     D:3: 1140 daAuts
     D:4: 889 daAuts
     D:2: 846 daAuts
     D:1: 630 daAuts
     D:7: 451 daAuts
  Temple: 106 daAuts
